 Dungeon Crawl Stone Soup version 0.22.1-2-g9c5b331 (webtiles) character file.

605797 Yuikono the Impregnable (level 26, -11/236 HPs)
             Began as a Minotaur Fighter on Dec 20, 2018.
             Was a High Priest of the Shining One.
             Killed from afar by Antaeus (46 damage)
             ... with a bolt of lightning
             ... on level 7 of Cocytus on Dec 22, 2018.
             The game lasted 08:05:30 (67140 turns).

Yuikono the Impregnable (Minotaur Fighter)         Turns: 67140, Time: 08:05:33

Health: -11/236    AC: 43    Str: 31      XL:     26   Next: 9%
Magic:  7/36       EV: 16    Int:  4 (7)  God:    the Shining One [*****.]
Gold:   5396       SH: 32    Dex: 15      Spells: 25/25 levels left

rFire    x . .     SeeInvis .   K - +8 short sword of Tenacity {pierce, MR+}
rCold    + + +     Gourm    .   S - +2 shield of Heragid {Slay+2}
rNeg     + + .     Faith    .   H - +1 crystal plate armour "Gitsat Naud" {rPois rC+ MR++ Int+4}
rPois    +         Spirit   .   d - +0 hat of the Wumpus {+Blink rCorr Int-2}
rElec    .         Reflect  .   V - +2 cloak
rCorr    +         Harm     .   P - +2 pair of gloves {Dex+3}
MR       ++++.                  s - +1 pair of boots {Fly}
Stlth    ..........             x - amulet of regeneration
HPRegen  0.89/turn              O - ring "Uqiylere" {Ice Slay+6}
MPRegen  0.25/turn              e - ring of Lypluodu {rC++ AC+3}

@: divine shield, flying, very slightly contaminated, hasted, glowing, very
quick
A: retaliatory headbutt, horns 2, mutation resistance 1
}: 4/15 runes: decaying, silver, abyssal, gossamer
a: Divine Shield, Cleansing Flame, Summon Divine Warrior, Renounce Religion,
Evoke Blink, Stop Flying


You were on level 7 of Cocytus.
You worshipped the Shining One.
The Shining One was extremely pleased with you.
You were hungry.

You visited 13 branches of the dungeon, and saw 59 of its levels.
You visited the Abyss 3 times.
You visited 1 bazaar.
You also visited: Trove and Ice Cave.

You collected 8475 gold pieces.
You spent 3079 gold pieces at shops.

Inventory:

Hand Weapons
 z - a +4 hand crossbow of velocity
 K - the +8 short sword of Tenacity (weapon) {pierce, MR+}
   (You acquired it on level 2 of the Vaults)

   It inflicts extra damage upon your enemies.
   It affects your resistance to hostile enchantments.
Missiles
 v - 1818 bolts
Armour
 b - +0 storm dragon scales
 d - the +0 hat of the Wumpus (worn) {+Blink rCorr Int-2}
   (You acquired it on level 2 of the Vaults)

   It affects your intelligence (-2).
   It lets you blink.
   It provides partial protection from all sources of acid and corrosion.
 s - a +1 pair of boots of flying (worn)
 H - the +1 crystal plate armour "Gitsat Naud" (worn) {rPois rC+ MR++ Int+4}
   (You acquired it on level 2 of the Vaults)

   It affects your intelligence (+4).
   It protects you from cold.
   It protects you from poison.
   It affects your resistance to hostile enchantments.
 P - a +2 pair of gloves of dexterity (worn)
 S - the +2 shield of Heragid (worn) {Slay+2}
   (You acquired it on level 2 of the Vaults)

   It affects your accuracy and damage with ranged weapons and melee attacks
   (+2).
 V - a +2 cloak (worn)
Jewellery
 e - the ring of Lypluodu (right hand) {rC++ AC+3}
   (You bought it in a shop in a bazaar)

   [ring of protection]

   It affects your AC (+3).
   It greatly protects you from cold.
 g - a +6 ring of slaying
 x - an amulet of regeneration (around neck)
 O - the ring "Uqiylere" (left hand) {Ice Slay+6}
   (You found it on level 5 of the Vaults)

   [ring of ice]

   It enhances your ice magic.
   It affects your accuracy and damage with ranged weapons and melee attacks
   (+6).
   It makes you vulnerable to fire.
   It protects you from cold.
Wands
 m - a wand of flame (58)
Scrolls
 j - 3 scrolls of enchant armour
 k - 18 scrolls of identify
 l - a scroll of holy word
 n - 2 scrolls of silence
 r - 7 scrolls of fog
 t - 15 scrolls of enchant weapon
 A - 2 scrolls of magic mapping
 B - 28 scrolls of teleportation
 D - 6 scrolls of summoning
 N - 8 scrolls of fear
 Z - 5 scrolls of remove curse
Potions
 c - a potion of ambrosia
 i - 7 potions of mutation
 q - 10 potions of lignification
 w - 6 potions of resistance
 M - a potion of berserk rage
 Q - 2 potions of cancellation
 T - 18 potions of curing
 U - 4 potions of flight
 Y - 6 potions of might
Miscellaneous
 a - 3 phantom mirrors
 o - a fan of gales
 u - a lamp of fire
 E - 2 sacks of spiders
 F - a lightning rod (4/4)
Comestibles
 f - 30 rations


   Skills:
 - Level 19.2 Fighting
 - Level 21.5(21.9) Short Blades
   Level 9.1(17.6) Long Blades
 - Level 16.1 Crossbows
 - Level 22.6 Armour
 - Level 16.2 Dodging
 - Level 16.5 Shields
 + Level 20.5 Invocations
 - Level 14.1 Evocations


You had 25 spell levels left.
You didn't know any spells.
Your spell library contained the following spells:

 Spells                   Type           Power        Failure   Level  Hunger
 Animate Skeleton         Necr           N/A          99%         1    ##.....
 Apportation              Tloc           #.....       99%         1    ##.....
 Beastly Appendage        Tmut           #.....       99%         1    ##.....
 Confusing Touch          Hex            #.....       99%         1    ##.....
 Corona                   Hex            #......      99%         1    ##.....
 Flame Tongue             Conj/Fire      #....        99%         1    ##.....
 Freeze                   Ice            #...         99%         1    ##.....
 Magic Dart               Conj           #...         99%         1    ##.....
 Pain                     Necr           #...         99%         1    ##.....
 Sandblast                Erth           #.....       99%         1    ##.....
 Shock                    Conj/Air       #...         99%         1    ##.....
 Sting                    Conj/Pois      #...         99%         1    ##.....
 Summon Butterflies       Summ           #.......     99%         1    ##.....
 Summon Small Mammal      Summ           #...         99%         1    ##.....
 Blink                    Tloc           N/A          99%         2    ###....
 Call Imp                 Summ           #.......     99%         2    ###....
 Passwall                 Tmut/Erth      #.......     99%         2    ###....
 Poisonous Vapours        Pois/Air       #.....       99%         2    ###....
 Shroud of Golubria       Chrm/Tloc      #.........   99%         2    ###....
 Slow                     Hex            #.......     99%         2    ###....
 Song of Slaying          Chrm           #.......     99%         2    ###....
 Sticks to Snakes         Tmut           #.......     99%         2    ###....
 Swiftness                Chrm/Air       #.......     99%         2    ###....
 Throw Flame              Conj/Fire      #.....       99%         2    ###....
 Throw Frost              Conj/Ice       #.....       99%         2    ###....
 Call Canine Familiar     Summ           #.......     100%        3    ####...
 Confuse                  Hex            #.......     100%        3    ####...
 Conjure Flame            Conj/Fire      #.......     100%        3    ####...
 Gell's Gravitas          Tloc           #.........   100%        3    ####...
 Inner Flame              Hex/Fire       #.......     100%        3    ####...
 Lesser Beckoning         Tloc           #.........   100%        3    ####...
 Mephitic Cloud           Conj/Pois/Air  #.......     100%        3    ####...
 Ozocubu's Armour         Chrm/Ice       #.......     100%        3    ####...
 Portal Projectile        Hex/Tloc       #.....       100%        3    ####...
 Recall                   Summ/Tloc      N/A          100%        3    ####...
 Regeneration             Chrm/Necr      #.........   100%        3    ####...
 Spectral Weapon          Hex/Chrm       #.......     100%        3    ####...
 Spider Form              Tmut/Pois      #.........   100%        3    ####...
 Static Discharge         Conj/Air       #.......     100%        3    ####...
 Stone Arrow              Conj/Erth      #.....       100%        3    ####...
 Summon Guardian Golem    Hex/Summ       #.......     100%        3    ####...
 Teleport Other           Tloc           #.......     100%        3    ####...
 Tukima's Dance           Hex            #.......     100%        3    ####...
 Vampiric Draining        Necr           #.........   100%        3    ####...
 Airstrike                Air            #.........   100%        4    #####..
 Animate Dead             Necr           N/A          100%        4    #####..
 Cause Fear               Hex            #.........   100%        4    #####..
 Force Lance              Conj/Tloc      #.......     100%        4    #####..
 Fulminant Prism          Conj/Hex       #.........   100%        4    #####..
 Ice Form                 Ice/Tmut       #.......     100%        4    #####..
 Leda's Liquefaction      Hex/Erth       #.........   100%        4    #####..
 Passage of Golubria      Tloc           N/A          100%        4    #####..
 Petrify                  Tmut/Erth      #.......     100%        4    #####..
 Sticky Flame             Conj/Fire      #.......     100%        4    #####..
 Summon Ice Beast         Ice/Summ       #.......     100%        4    #####..
 Summon Lightning Spire   Summ/Air       #.......     100%        4    #####..
 Throw Icicle             Conj/Ice       #.......     100%        4    #####..
 Agony                    Necr           #.......     100%        5    ######.
 Alistair's Intoxication  Tmut/Pois      #.......     100%        5    ######.
 Blade Hands              Tmut           #.........   100%        5    ######.
 Bolt of Draining         Conj/Necr      #.........   100%        5    ######.
 Bolt of Magma            Conj/Fire/Erth #.........   100%        5    ######.
 Borgnjor's Vile Clutch   Necr/Erth      #.........   100%        5    ######.
 Dispel Undead            Necr           #.......     100%        5    ######.
 Excruciating Wounds      Chrm/Necr      #.........   100%        5    ######.
 Fireball                 Conj/Fire      #.........   100%        5    ######.
 Irradiate                Conj/Tmut      #.........   100%        5    ######.
 Iskenderun's Battlesphe  Conj/Chrm      #.......     100%        5    ######.
 Lee's Rapid Deconstruct  Erth           #.........   100%        5    ######.
 Lightning Bolt           Conj/Air       #.........   100%        5    ######.
 Metabolic Englaciation   Hex/Ice        #.........   100%        5    ######.
 Yara's Violent Unravell  Hex/Tmut       #.........   100%        5    ######.
 Bolt of Cold             Conj/Ice       #.........   100%        6    #######
 Bolt of Fire             Conj/Fire      #.........   100%        6    #######
 Darkness                 Hex            #.........   100%        6    #######
 Death Channel            Necr           #.........   100%        6    #######
 Dispersal                Tloc           #.........   100%        6    #######
 Freezing Cloud           Conj/Ice/Air   #.........   100%        6    #######
 Invisibility             Hex            #.......     100%        6    #######
 Iron Shot                Conj/Erth      #.........   100%        6    #######
 Ozocubu's Refrigeration  Ice            #.........   100%        6    #######
 Simulacrum               Ice/Necr       #.........   100%        6    #######
 Statue Form              Tmut/Erth      #........    100%        6    #######
 Dragon Form              Tmut           #.........   100%        7    #######
 Ring of Flames           Chrm/Fire      #.........   100%        7    #######
 Borgnjor's Revivificati  Necr           #.........   100%        8    #######
 Controlled Blink         Tloc           N/A          100%        8    #######
 Disjunction              Tloc           #.........   100%        8    #######
 Ignition                 Fire           #.........   100%        8    #######
 Infestation              Necr           #.........   100%        8    #######
 Dragon's Call            Summ           #.........   100%        9    #######
 Shatter                  Erth           #.........   100%        9    #######


Dungeon Overview and Level Annotations

Branches:
Dungeon (15/15)            Temple (1/1) D:6            Lair (6/6) D:11
  Swamp (4/4) Lair:2       Spider (4/4) Lair:2        Slime (5/5) Lair:6
    Orc (2/2) D:10            Elf (3/3) Orc:2        Vaults (5/5) D:13
  Crypt (0/3) Vaults:3     Depths (5/5) D:15           Hell (1/1)
    Dis (0/7) Hell            Geh (0/7) Hell            Coc (7/7) Hell
    Tar (0/7) Hell            Zot (1/5) Depths:5

Altars:
Ashenzari
Cheibriados
Dithmenos
Elyvilon
Fedhas
Gozag
Hepliaklqana
Kikubaaqudgha
Makhleb
Nemelex Xobeh
Okawaru
Qazlal
Ru
Sif Muna
Trog
Uskayaw
Vehumet
Wu Jian
Xom
Yredelemnul
Zin
The Shining One
Jiyva

Shops:
D:4 *   Orc:2 [%*   Vaults:2 :   Depths:4 !

Portals:
Hell: Depths:1 Depths:2 Depths:3 Depths:4 Depths:5
Abyss: Depths:2 Depths:4
Pandemonium: Depths:1 Depths:3
Ziggurat: Depths:4

Annotations:
Slime:5 Royal Jelly
Coc:7 Antaeus


Innate Abilities, Weirdness & Mutations

You reflexively headbutt those who attack you in melee.
You have a pair of horns on your head.
You are somewhat resistant to further mutation.


Message History

What are your orders? t - Shout!
Orders for allies: a - Attack new target. r - Retreat! s - Stop attacking. g - Guard the area. f - Follow me.
Anything else - Cancel.
Guard this area!
Something closely misses your angel. Something hits your angel!
Something freezes your angel!!!
Your angel hits Antaeus with a whip of holy wrath!
Antaeus convulses!
Your angel hits Antaeus with a whip of holy wrath.
Antaeus convulses.
You feel yourself speed up.
Your angel hits Antaeus with a whip of holy wrath!
Antaeus convulses!
Your angel hits Antaeus but does no damage.
Antaeus gestures at you. The bolt of lightning hits you!
You die...

....##########################...
...############################..
..##..........................##.
.##...................)........##
##...≈≈≈≈≈≈≈≈≈≈≈..≈≈≈≈≈≈≈≈≈≈≈...#
#...≈≈≈≈≈≈≈≈≈≈≈≈..≈≈≈≈≈≈≈≈≈≈≈≈...
...≈≈≈≈≈≈≈≈≈≈≈≈≈..≈≈≈≈≈≈≈≈≈≈≈≈≈..
..≈≈...................A......≈≈.
.≈≈.............@......C.......≈≈
≈≈....#####################1....≈
≈....######################.#....
....##...........................
...##...⌠...(.......1....⌠..[##..
..##..........≈A≈A≈≈.C........##.
z##......≈≈≈≈≈≈≈≈≈≈≈≈≈≈≈≈......##
##.....≈≈≈≈≈≈≈≈≈≈≈≈≈≈≈≈≈≈≈≈....(#
#....≈≈≈≈≈≈≈≈≈≈≈≈≈≈≈≈≈≈≈≈≈≈≈≈....


You could see Antaeus and a friendly angel.

Vanquished Creatures
  A juggernaut (Abyss:1)
  2 ancient liches
  7 shard shrikes
  A golden dragon (Zot:1)
  9 bone dragons
  4 tentacled monstrosities
  4 Ice Fiends
  A hellephant (Abyss:5)
  A quicksilver dragon (Depths:4)
  8 liches
  2 acid blobs
  2 deep elf blademasters (Elf:3)
  A titan (Depths:3)
  A sphinx (Depths:3)
  A thorn hunter (Swamp:2)
  3 shadow dragons
  3 tengu reavers
  11 tentacled starspawn
  2 storm dragons
  An azure jelly (Slime:1)
  4 deep elf sorcerers
  3 fire giants
  7 frost giants
  3 ghost moths
  4 emperor scorpions
  2 iron dragons
  2 draconian shifters (Abyss:5)
  3 deep elf elementalists
  A vault warden (Vaults:5)
  An angel (Abyss:5)
  A balrug (Abyss:1)
  2 spriggan defenders
  5 draconian stormcallers
  5 reapers
  10 stone giants
  6 ironheart preservers
  2 entropy weavers (Vaults:5)
  2 elemental wellsprings (Coc:7)
  2 deep elf demonologists
  A black draconian (Zot:1)
  3 lorocyprocas
  19 very ugly things
  4 vampire knights
  2 yellow draconians
  7 dire elephants
  2 deep elf annihilators
  A green draconian (Zot:1)
  4 spark wasps
  2 merfolk javelineers (Depths:3)
  5 blizzard demons
  2 ettins (shapeshifter)
  8 ettins
  2 death oozes
  A deep elf death mage (Elf:3)
  A green death (Abyss:5)
  2 jiangshi (Depths:1)
  3 fire dragons
  8 ogre magi
  10 yaktaur captains
  5 great orbs of eyes
  A deep elf high priest (Elf:1)
  14 vault guards
  2 rakshasas
  10 ice dragons
  2 hell beasts (Hell)
  A catoblepas (D:14)
  A quicksilver dragon skeleton (Coc:1)
  8 hydras
  A ghost crab (Swamp:4)
  A spriggan air mage (Depths:5)
  2 centaur warriors
  8 alligators
  A satyr (shapeshifter) (Abyss:1)
  5 deep troll earth magi
  24 two-headed ogres
  3 death knights
  2 hell hogs (Hell)
  A death yak (IceCv)
  6 deep troll shamans
  3 tengu warriors
  13 dancing weapons
  2 vampire magi (Depths:1)
  7 thrashing horrors
  14 deep elf knights
  3 titan zombies
  3 sun demons
  2 orc high priests
  2 spriggan berserkers (Depths:3)
  14 wretched stars
  3 soul eaters
  A spriggan (Depths:3)
  A titan skeleton (Coc:6)
  An iron golem (Hell)
  A storm dragon zombie (Coc:4)
  3 sixfirhies
  A death drake (shapeshifter) (Vaults:2)
  5 iron trolls
  A salamander mystic (Depths:4)
  3 unseen horrors
  4 anaconda zombies
  13 skeletal warriors
  A flayed ghost (Abyss:5)
  2 ghost moth zombies (Coc:7)
  A shadow wraith (Abyss:5)
  10 spatial maelstroms
  17 deep trolls
  A sea snake (Lair:6)
  3 glowing orange brains
  6 ironbrand convokers
  2 wizards
  2 death drakes (Abyss:1)
  2 shambling mangroves (Swamp:3)
  Pikel (D:6)
  6 phantasmal warriors
  A lindwurm (shapeshifter) (Depths:3)
  A shadow dragon zombie (Coc:1)
  11 deep elf archers
  7 orc knights
  3 orb spiders
  An anaconda skeleton (Coc:6)
  43 deep elf magi
  4 orc sorcerers
  An iron dragon zombie (Coc:7)
  2 stone giant zombies
  17 wolf spiders
  40 ugly things
  A wolf spider zombie (D:13)
  A mana viper (Abyss:5)
  2 cyclopes
  2 manticores
  A salamander (Depths:5)
  A frost giant zombie (Hell)
  A moth of wrath (Zot:1)
  2 worldbinders
  2 iron dragon skeletons
  3 fire giant zombies
  5 elephants
  2 guardian serpents (Abyss:5)
  3 rust devils (Hell)
  2 stone giant skeletons
  12 vault sentinels
  Maurice (D:8)
  A frost giant skeleton (Coc:6)
  An apocalypse crab (Abyss:4)
  A black mamba (Lair:1)
  A fire giant skeleton (Coc:7)
  2 titan simulacra (Coc:7)
  An ice statue (IceCv)
  3 orange demons
  2 torpor snails (Spider:1)
  12 smoke demons
  A gargoyle (D:14)
  3 rime drakes
  13 demonic crawlers
  33 yaktaurs
  5 spiny frogs
  A dire elephant skeleton (Coc:1)
  4 komodo dragons
  A yaktaur (shapeshifter) (D:13)
  A hellion (Hell)
  3 anaconda simulacra
  4 efreet
  17 freezing wraiths
  4 tormentors
  3 hellwings
  A kobold demonologist (Abyss:4)
  2 tengu conjurers
  19 ice devils
  10 ancient zymes
  3 trolls (shapeshifter)
  2 red devils
  7 hydra zombies
  7 trolls
  2 meliai (D:13)
  4 tyrant leeches
  A silent spectre (Abyss:4)
  12 polar bears
  A queen bee (shapeshifter) (Abyss:3)
  14 jumping spiders
  A catoblepas skeleton (Coc:6)
  37 slime creatures
  11 hornets
  3 bog bodies
  6 blink frogs
  3 fire dragon zombies
  Prince Ribbit (D:7)
  7 alligator zombies
  14 hippogriffs
  3 hydra skeletons
  19 raiju
  A spriggan zombie (Hell)
  2 dream sheep (Lair:4)
  An ettin zombie (Coc:7)
  3 shadows
  32 flying skulls
  2 ice dragon zombies (Coc:7)
  A spriggan (shapeshifter) (Depths:5)
  3 alligator skeletons
  The ghost of bmj180 the Conjurer, an amateur DECj (D:4)
  2 ice dragon skeletons (Coc:7)
  6 wraiths
  15 water elementals
  Eustachio (D:5)
  A black mamba skeleton (Coc:6)
  35 redbacks
  2 basilisks
  8 tarantellas
  A tarantella (shapeshifter) (Elf:1)
  2 vampires
  11 ynoxinuls
  2 wyverns
  6 neqoxecs
  A basilisk (shapeshifter) (Elf:1)
  4 golden eyes (Abyss:3)
  A golden eye (shapeshifter) (Vaults:2)
  4 fire elementals
  2 steam dragons
  35 large abominations
  9 vampire mosquitoes
  26 yaks
  Edmund (D:5)
  6 chaos spawn
  9 hungry ghosts
  12 spatial vortices
  2 wargs (Orc:2)
  The ghost of HoaS the Ruffian, an amateur GrGl (D:4)
  5 soldier ants (D:6)
  4 swamp worms
  A naga (Abyss:5)
  2 spiny frog zombies
  3 acid dragons
  7 insubstantial wisps
  6 water moccasins
  8 hell hounds
  2 hydra simulacra
  A floating eye (Depths:3)
  23 small abominations
  2 swamp drakes (Swamp:1)
  Duvessa (D:4)
  A hornet zombie (D:14)
  7 porcupines
  A spiny frog skeleton (Hell)
  4 sky beasts
  28 orc warriors
  6 ice beasts
  6 eyes of draining
  4 phantoms
  A snapping turtle zombie (Coc:3)
  3 black bears
  13 wolves
  4 boggarts
  A manticore zombie (Coc:6)
  30 ogres
  15 centaurs
  5 big kobolds
  A snapping turtle skeleton (Coc:6)
  5 crocodiles
  10 bullfrogs
  2 gnoll sergeants
  3 earth elementals
  2 spiny frog simulacra
  Dowan (D:4)
  2 wyvern skeletons
  5 scorpions
  A water moccasin skeleton (D:7)
  3 electric eels
  9 killer bees
  19 wights
  4 howler monkeys
  3 vampire bats (D:6)
  3 bullfrog zombies
  10 crimson imps
  46 starcursed masses
  3 centaur zombies
  8 hounds
  3 quasits
  2 bullfrog skeletons
  A gnoll shaman (D:8)
  21 orc priests
  4 centaur skeletons
  4 iguanas
  A jelly (D:12)
  26 orc wizards
  4 iron imps
  17 worker ants
  2 tengu skeletons
  A mummy (Coc:3)
  A hound skeleton (D:5)
  A howler monkey zombie (D:6)
  14 adders
  20 gnolls
  5 shadow imps
  8 white imps
  4 ufetubi
  An adder zombie (D:6)
  An adder skeleton (D:6)
  4 worms
  A dart slug (D:2)
  8 leopard geckos
  116 orcs
  5 bats
  3 bat skeletons (D:6)
  4 bat zombies (D:6)
  A giant cockroach (D:1)
  3 goblins
  14 hobgoblins
  19 jackals
  21 kobolds
  9 quokkas
  6 frilled lizards
  A leopard gecko zombie (D:8)
  A quokka skeleton (D:7)
  4 rats
  3 bushes (Bazaar)
  A pillar of salt (Vaults:3)
  15 starspawn tentacles
1913 creatures vanquished.

Vanquished Creatures (collateral kills)
  An ancient lich (Hell)
  A juggernaut (Depths:3)
  3 shard shrikes
  Geryon (Hell)
  A golden dragon (Vaults:5)
  4 bone dragons
  4 Ice Fiends (Coc:7)
  2 tentacled monstrosities
  2 titans
  A Hell Sentinel (Abyss:5)
  3 deep elf master archers (Elf:3)
  10 acid blobs
  A quicksilver dragon (Vaults:5)
  Gastronok (Lair:1)
  3 tentacled starspawn
  A death cob (Zot:1)
  3 sphinxes
  The ghost of Stepladder the Severer, an adept HOAK of Lugonu (Swamp:4)
  3 tengu reavers
  A shadow dragon (Vaults:5)
  2 thorn hunters
  6 azure jellies
  Roxanne (Spider:4)
  3 frost giants
  2 iron dragons
  8 deep elf sorcerers
  10 fire giants
  8 vault wardens
  A ghost moth (Zot:1)
  An emperor scorpion (Spider:4)
  A caustic shrike zombie (Hell)
  2 draconian shifters
  6 reapers
  A deep elf elementalist (Vaults:5)
  A spriggan defender (Depths:5)
  9 very ugly things
  5 stone giants
  The ghost of Qiuf the Grappler, a journeyman TrWz of Cheibriados (Lair:3)
  A war gargoyle (Vaults:5)
  16 ironheart preservers
  2 black draconians
  4 deep elf demonologists
  A vampire knight (Depths:4)
  2 entropy weavers
  8 deep elf annihilators
  2 purple draconians (Depths:5)
  2 white draconians (Zot:1)
  2 spark wasps (Spider:4)
  Snorg (Orc:2)
  2 blizzard demons (Coc:7)
  4 ettins
  5 deep elf death magi
  8 yaktaur captains
  3 deep elf high priests
  3 death oozes
  3 fire dragons
  19 vault guards
  4 great orbs of eyes
  7 hydras
  5 ice dragons
  2 rakshasas
  2 death knights
  A spriggan air mage (Depths:3)
  A merfolk avatar (Lair:6)
  3 ghost crabs
  2 hell beasts
  Erica (Lair:1)
  19 two-headed ogres
  5 centaur warriors
  10 alligators
  A death yak (IceCv)
  8 dancing weapons
  7 ogre magi
  3 hell hogs
  2 orc high priests (Orc:2)
  2 tengu warriors
  3 deep troll earth magi
  5 deep troll shamans
  An iron golem (Hell)
  12 deep elf knights
  2 soul eaters
  3 thrashing horrors
  A sun demon (Hell)
  19 skeletal warriors
  3 storm dragon zombies
  A titan skeleton (Coc:7)
  5 iron trolls
  A spark wasp zombie (Hell)
  A spatial maelstrom (Abyss:5)
  An anaconda zombie (Coc:7)
  3 wretched stars (Abyss:1)
  A spriggan druid (Swamp:2)
  2 sixfirhies
  18 deep trolls
  2 flayed ghosts
  A death drake (Swamp:4)
  4 spectral hydras (Swamp:4)
  A kraken simulacrum (Hell)
  2 swamp dragons
  An obsidian statue (D:12)
  A shambling mangrove (Swamp:1)
  3 phantasmal warriors
  A lindwurm (Lair:5)
  9 ironbrand convokers
  32 deep elf magi
  11 deep elf archers
  12 orc knights
  3 necromancers
  An anaconda skeleton (Coc:7)
  2 iron dragon zombies (Coc:6)
  16 orb spiders
  A harpy (shapeshifter) (Vaults:4)
  A faun (shapeshifter) (Depths:1)
  A cyclops (Vaults:2)
  4 fire giant zombies
  2 stone giant zombies
  16 wolf spiders
  2 orc sorcerers (Orc:2)
  11 ugly things
  9 large abominations
  3 manticores
  3 frost giant zombies
  3 moths of wrath
  9 elephants
  3 salamanders
  13 shining eyes
  3 fire giant skeletons
  2 rust devils (Depths:5)
  An apocalypse crab (Abyss:5)
  A smoke demon (Abyss:5)
  2 frost giant skeletons
  2 dire elephant zombies
  A spriggan zombie (Hell)
  2 vault sentinels
  A gargoyle (D:13)
  2 storm dragon simulacra (Coc:7)
  2 molten gargoyles (Hell)
  5 eyes of devastation
  A rime drake (Lair:6)
  6 komodo dragons
  2 efreet
  11 freezing wraiths
  11 spiny frogs
  A yaktaur (shapeshifter) (D:13)
  3 swamp worm zombies (Swamp:4)
  24 yaktaurs
  3 anaconda simulacra (Coc:7)
  2 ancient zymes
  16 ice devils
  9 demonic crawlers
  A tormentor (Coc:7)
  A harpy zombie (Coc:7)
  A troll (Vaults:5)
  A wind drake (Lair:6)
  5 polar bears
  2 hydra skeletons
  A yaktaur skeleton (Vaults:5)
  5 tyrant leeches
  6 hydra zombies
  74 slime creatures
  14 hornets
  2 raiju (Abyss:5)
  16 jumping spiders
  A spectral swamp dragon (Swamp:4)
  2 dream sheep (Lair:4)
  A hippogriff (shapeshifter) (Vaults:3)
  A slime creature (shapeshifter) (Vaults:5)
  A tarantella zombie (Spider:2)
  8 blink frogs
  A hippogriff (Lair:6)
  6 bog bodies
  2 alligator skeletons
  44 redbacks
  8 flying skulls
  6 water elementals
  A fire dragon skeleton (Coc:7)
  2 shadows
  3 alligator zombies
  3 air elementals
  7 spriggans
  2 ettin skeletons
  4 wraiths
  3 yaks
  A ynoxinul (Abyss:1)
  22 tarantellas
  2 wyverns
  6 fire elementals
  2 golden eyes (Slime:2)
  2 black mamba skeletons
  A chaos spawn (Abyss:5)
  2 neqoxecs
  An elf skeleton (Vaults:5)
  6 swamp worms
  9 vampire mosquitoes
  A human zombie (Hell)
  3 wargs
  2 spatial vortices (Abyss:5)
  10 insubstantial wisps
  2 spiny frog zombies (Coc:3)
  3 hydra simulacra
  An acid dragon (Vaults:2)
  A soldier ant (D:12)
  5 water moccasins (Lair:6)
  2 hell hounds
  10 small abominations
  2 swamp drakes (Swamp:4)
  13 orc warriors
  3 porcupines
  A deep troll skeleton (Vaults:5)
  A human skeleton (Vaults:5)
  A snapping turtle zombie (Coc:1)
  6 necrophages
  8 eyes of draining
  4 phantoms
  3 swamp dragon zombies (Swamp:4)
  An ice beast (D:10)
  A black mamba simulacrum (Coc:7)
  A manticore zombie (Hell)
  A black bear (shapeshifter) (Vaults:5)
  11 centaurs
  21 ogres
  An alligator simulacrum (Hell)
  5 boggarts
  3 wolves (Lair:2)
  2 crocodiles (Lair:6)
  2 bullfrogs
  An earth elemental (Elf:3)
  2 spiny frog simulacra (Hell)
  A killer bee (D:12)
  3 wights (Coc:5)
  An electric eel (D:15)
  A howler monkey (D:12)
  2 crimson imps
  6 starcursed masses (Abyss:1)
  A jelly (D:10)
  9 orc priests
  8 orc wizards
  2 iron imps
  2 spectral swamp drakes (Swamp:4)
  A mummy (Coc:7)
  A swamp drake zombie (Swamp:4)
  6 white imps
  An ufetubus (Abyss:1)
  33 orcs
  A quokka (D:12)
  A briar patch (Swamp:2)
  6 bushes
  2 crawling corpses (Elf:3)
  31 fungi
  A pillar of salt (Vaults:3)
  38 plants
  3 starspawn tentacles
1250 creatures vanquished.

Vanquished Creatures (others)
  5 profane servitors
  6 bone dragons
  A large abomination (Depths:3)
  11 ghouls spectral
  Arachne (Spider:4)
  2 spectral titans
  3 vampire knights
  4 very ugly thing zombies (Depths:5)
  A vault guard (Vaults:5)
  4 spectral elves
  A spectral human (Slime:1)
  14 skeletal warriors
  A spatial maelstrom (Depths:2)
  12 flayed ghosts
  A deep troll (Depths:1)
  A spectral ettin (Spider:1)
  9 phantasmal warriors
  7 wolf spider zombies
  A glowing orange brain (Abyss:1)
  2 ugly thing zombies
  A fire giant zombie (Vaults:3)
  A dire elephant zombie (Abyss:5)
  2 yaktaur zombies
  2 emperor scorpion zombies (Spider:4)
  A spectral meliai (D:14)
  A ghoul skeleton (Depths:5)
  8 redback zombies
  A spectral harpy (Swamp:2)
  A small abomination (Vaults:5)
  5 demonic crawler zombies (Spider:4)
  4 polar bears (IceCv)
  A hydra zombie (Swamp:4)
  5 jumping spider zombies
  An ettin zombie (Vaults:5)
  6 tarantella zombies
  2 flying skulls
  An ice dragon skeleton (Coc:7)
  A water elemental (Depths:3)
  4 wraiths
  17 vampires
  3 deep troll zombies (Depths:5)
  A tengu zombie (D:14)
  An insubstantial wisp (Swamp:4)
  5 human zombies
  2 deep troll skeletons (Depths:5)
  3 orb spider zombies
  4 elf zombies
  A blink frog zombie (Lair:6)
  2 hornet zombies (Spider:4)
  2 ogres (Vaults:3)
  3 hippogriff zombies (D:10)
  A salamander zombie (Depths:5)
  A merfolk simulacrum (Hell)
  A water moccasin zombie (D:10)
  A yak zombie (Lair:5)
  4 polar bear zombies
  A warg zombie (Orc:2)
  A spriggan skeleton (Depths:5)
  3 wights
  A spectral boggart (Lair:3)
  A crimson imp (D:6)
  A bullfrog zombie (Lair:2)
  A centaur zombie (D:9)
  3 wolf zombies (IceCv)
  A wolf skeleton (IceCv)
  A killer bee zombie (D:12)
  An acid dragon zombie (D:12)
  A big kobold zombie (D:12)
  A crocodile zombie (Lair:5)
  4 ogre zombies
  A hound zombie (D:9)
  2 howler monkey zombies
  2 mummies
  2 worker ant zombies
  An adder (D:6)
  A scorpion zombie (D:9)
  An orc skeleton (Orc:1)
  3 gnoll zombies (D:10)
  2 jackal zombies
  4 kobold zombies
  A leopard gecko zombie (D:10)
  28 orc zombies
  2 crawling corpses
  4 fungi
  2 lurking horrors
  17 pillars of salt (Vaults:3)
  7 plants
  29 starspawn tentacles
  4 tentacles (Hell)
  A withered plant (D:4)
322 creatures vanquished.

Grand Total: 3485 creatures vanquished

Notes
Turn   | Place    | Note
-------+----------+-------------------------------------------
     0 | D:1      | Yuikono the Minotaur Fighter began the quest for the Orb.
     0 | D:1      | Reached XP level 1. HP: 19/19 MP: 0/0
   101 | D:1      | Reached XP level 2. HP: 20/27 MP: 1/1
   613 | D:2      | Reached XP level 3. HP: 32/34 MP: 2/2
   953 | D:2      | Reached XP level 4. HP: 36/41 MP: 3/3
  1011 | D:2      | Reached skill level 5 in Fighting
  1024 | D:2      | Found a snail-covered altar of Cheibriados.
  1560 | D:2      | Found a deep blue altar of Sif Muna.
  1911 | D:3      | Reached XP level 5. HP: 44/48 MP: 4/4
  2457 | D:3      | Found a sacrificial altar of Ru.
  2463 | D:3      | Became a worshipper of Ru the Awakened
  2599 | D:4      | Reached skill level 5 in Long Blades
  2727 | D:4      | Found Kodics's Assorted Antiques.
  2735 | D:4      | Bought a scroll labeled OTIMMAAHALL for 20 gold pieces
  2735 | D:4      | Bought a scroll labeled FASSEILUDA for 20 gold pieces
  2735 | D:4      | Bought a scroll labeled GAEDDALLUQ for 20 gold pieces
  2735 | D:4      | Bought a scroll labeled VYTROIXYASS for 20 gold pieces
  2735 | D:4      | Bought a coiled brass ring for 100 gold pieces
  2765 | D:4      | Identified the ring of Vaniavyi {MP+9 Str+4 Stlth+} (You
                  | bought it in a shop on level 4 of the Dungeon)
  2981 | D:4      | Noticed Duvessa
  2981 | D:4      | Noticed an ogre
  2993 | D:4      | Killed an ogre
  2993 | D:4      | Reached XP level 6. HP: 34/58 MP: 5/5
  2995 | D:4      | Killed Duvessa
  3011 | D:4      | Noticed Dowan
  3012 | D:4      | Killed Dowan
  3356 | D:4      | Found a runed gate.
  3356 | D:4      | Found a runed gate.
  3356 | D:4      | Found a runed gate.
  3356 | D:4      | Noticed HoaS's ghost (amateur GrGl)
  3357 | D:4      | Noticed bmj180's ghost (amateur DECj)
  3844 | D:4      | Killed bmj180's ghost
  3844 | D:4      | Reached XP level 7. HP: 57/66 MP: 6/6
  3876 | D:4      | Killed HoaS's ghost
  4117 | D:5      | Entered Level 5 of the Dungeon
  4121 | D:5      | Noticed Edmund
  4137 | D:5      | Killed Edmund
  4184 | D:5      | Reached XP level 8. HP: 69/75 MP: 7/7
  4279 | D:5      | Noticed Eustachio
  4361 | D:5      | Killed Eustachio
  4457 | D:5      | Reached skill level 4 in Armour
  4736 | D:5      | Got an ichor-stained rapier
  4737 | D:5      | Identified the +8 rapier of the Dragonfly {drain, Dex+4
                  | SInv} (You found it on level 5 of the Dungeon)
  4811 | D:5      | Found a shimmering altar of Xom.
  4811 | D:5      | Found an iron altar of Okawaru.
  5092 | D:6      | Reached skill level 1 in Short Blades
  5101 | D:6      | Found the +9 staff of Olgreb {rPois}
  5101 | D:6      | Noticed Pikel
  5120 | D:6      | Killed Pikel
  5120 | D:6      | Reached skill level 5 in Armour
  5120 | D:6      | Reached skill level 5 in Shields
  5120 | D:6      | Reached XP level 9. HP: 67/83 MP: 8/8
  5126 | D:6      | Reached skill level 6 in Armour
  5154 | D:6      | Found a runed door.
  5159 | D:6      | Found a runed gate.
  5160 | D:6      | Found a runed door.
  5181 | D:6      | Found a runed gate.
  5181 | D:6      | Found a runed gate.
  5260 | D:6      | Found a glowing silver altar of Zin.
  5267 | D:6      | Found a hazy altar of Hepliaklqana.
  5267 | D:6      | Found a shadowy altar of Dithmenos.
  5277 | D:6      | Found a basalt altar of Yredelemnul.
  5332 | D:6      | Fell from the grace of Ru
  5332 | D:6      | Became a worshipper of Yredelemnul the Dark
  5564 | D:6      | Found a staircase to the Ecumenical Temple.
  5658 | Temple   | Entered the Ecumenical Temple
  5984 | D:6      | Found an ancient bone altar of Kikubaaqudgha.
  6188 | D:6      | Reached skill level 7 in Armour
  6195 | D:6      | Reached skill level 5 in Short Blades
  6199 | D:6      | Reached * piety under Yredelemnul
  6212 | D:6      | Reached skill level 1 in Invocations
  6276 | D:6      | Reached XP level 10. HP: 79/91 MP: 10/10
  6384 | D:7      | Reached skill level 8 in Armour
  6504 | D:7      | Noticed Prince Ribbit
  6516 | D:7      | Killed Prince Ribbit
  6550 | D:7      | Found an opulent altar of Gozag.
  6553 | D:7      | Reached ** piety under Yredelemnul
  6643 | D:7      | Got a crude copper ring
  6656 | D:7      | Identified the cursed ring "Odwaf" {rN+ Str+4 Dex-2 SInv}
                  | (You found it on level 7 of the Dungeon)
  7186 | D:8      | Noticed Maurice
  7208 | D:8      | Killed Maurice
  7486 | D:8      | Reached skill level 9 in Armour
  7923 | D:8      | Reached *** piety under Yredelemnul
  8055 | D:9      | Found an ancient bone altar of Kikubaaqudgha.
  8096 | D:9      | Reached skill level 5 in Invocations
  8116 | D:9      | Reached XP level 11. HP: 95/97 MP: 13/13
  8202 | D:9      | Got a sapphire mace
  8203 | D:9      | Identified the +11 mace "Letoudgh" {crush, Int+4 SInv} (You
                  | found it on level 9 of the Dungeon)
  8333 | D:9      | Noticed a wizard
  8340 | D:9      | Killed a wizard
  8349 | D:9      | Noticed a large abomination
  8371 | D:9      | Reached skill level 10 in Armour
  8375 | D:9      | Noticed a large abomination
  9015 | D:9      | Reached **** piety under Yredelemnul
  9015 | D:9      | Reached skill level 10 in Shields
  9142 | D:9      | Killed a large abomination
  9163 | D:9      | Killed a large abomination
  9481 | D:10     | Entered Level 10 of the Dungeon
  9526 | D:10     | Noticed an unseen horror
  9538 | D:10     | Killed an unseen horror
  9744 | D:10     | Received a gift from Yredelemnul (a wight)
  9752 | D:10     | Found a staircase to the Orcish Mines.
 10073 | Orc:1    | Entered Level 1 of the Orcish Mines
 10211 | Orc:1    | Reached skill level 11 in Armour
 10488 | Orc:2    | Entered Level 2 of the Orcish Mines
 10488 | Orc:2    | Noticed an orc sorcerer
 10492 | Orc:2    | Killed an orc sorcerer
 10498 | Orc:2    | Noticed an orc knight
 10509 | Orc:2    | Noticed an orc knight
 10516 | Orc:2    | Killed an orc knight
 10521 | Orc:2    | Reached XP level 12. HP: 83/104 MP: 15/16
 10521 | Orc:2    | Noticed an ettin
 10574 | Orc:2    | Received a gift from Yredelemnul (a mummy)
 10595 | Orc:2    | Reached ***** piety under Yredelemnul
 11103 | D:11     | Found a staircase to the Lair.
 11216 | D:11     | Noticed a two-headed ogre
 11227 | D:11     | Killed a two-headed ogre
 11290 | D:11     | Found a frozen archway.
 11319 | IceCv    | Entered an ice cave
 11412 | IceCv    | Reached skill level 10 in Short Blades
 11415 | IceCv    | Received a gift from Yredelemnul (a mummy)
 11627 | IceCv    | Got a slimy dagger
 11628 | IceCv    | Identified the +7 dagger of Untimely Demise {freeze, MR-
                  | MP+9 Stlth+} (You found it in an ice cave)
 11694 | IceCv    | Noticed a death yak
 11709 | IceCv    | Killed a death yak
 11709 | IceCv    | Reached skill level 12 in Armour
 11858 | IceCv    | Identified 2 scrolls of acquirement
 11950 | IceCv    | Noticed a death yak
 11950 | IceCv    | Noticed a frost giant
 11956 | IceCv    | Received a gift from Yredelemnul (a wight)
 11964 | IceCv    | Killed a death yak
 12184 | IceCv    | Killed a frost giant
 12184 | IceCv    | Reached XP level 13. HP: 102/111 MP: 15/18
 12238 | IceCv    | Identified the Tome of the Snowflakes
 12535 | D:11     | Received a gift from Yredelemnul (a vampire)
 12997 | D:12     | Received a gift from Yredelemnul (2 flying skulls)
 13414 | D:12     | Reached skill level 13 in Armour
 13415 | D:12     | Received a gift from Yredelemnul (a wraith)
 13482 | D:12     | Reached XP level 14. HP: 118/118 MP: 20/20
 14069 | D:13     | Reached skill level 10 in Invocations
 14191 | D:13     | Received a gift from Yredelemnul (a wight)
 14543 | D:13     | Found a gate to the Vaults.
 14557 | D:13     | Received a gift from Yredelemnul (a skeletal warrior)
 14737 | D:13     | Received a gift from Yredelemnul (a phantasmal warrior)
 17041 | Lair:1   | Entered Level 1 of the Lair of Beasts
 17041 | Lair:1   | Noticed Erica
 17048 | Lair:1   | Killed Erica
 17054 | Lair:1   | Reached XP level 15. HP: 98/124 MP: 24/24
 17082 | Lair:1   | Received a gift from Yredelemnul (a vampire)
 17486 | Lair:1   | Noticed Gastronok
 17492 | Lair:1   | Killed Gastronok
 18244 | Lair:2   | Received a gift from Yredelemnul (a skeletal warrior)
 18263 | Lair:2   | Found a hole to the Spider Nest.
 18302 | Spider:1 | Entered Level 1 of the Spider Nest
 18315 | Spider:1 | Received a gift from Yredelemnul (a wraith)
 18492 | Spider:1 | Received a gift from Yredelemnul (a wraith)
 18787 | Spider:1 | Noticed a ghost moth
 18795 | Spider:1 | Killed a ghost moth
 19801 | Spider:2 | Received a gift from Yredelemnul (a skeletal warrior)
 20056 | Spider:2 | Received a gift from Yredelemnul (a wraith)
 20085 | Spider:2 | Noticed Arachne
 20094 | Spider:2 | Killed Arachne
 20094 | Spider:2 | Enslaved Arachne
 20559 | Spider:4 | Entered Level 4 of the Spider Nest
 20619 | Spider:4 | Reached skill level 15 in Shields
 20793 | Spider:4 | Paralysed by a hornet for 2 turns
 20895 | Spider:4 | Noticed Roxanne
 20924 | Spider:4 | Killed Roxanne
 20925 | Spider:4 | Identified Roxanne's Papyrus of Earth (You took it off
                  | Roxanne on level 4 of the Spider Nest)
 21166 | Spider:4 | Noticed a ghost moth
 21175 | Spider:4 | Killed a ghost moth
 21309 | Spider:4 | Reached skill level 10 in Fighting
 21314 | Spider:4 | Your ally Arachne died
 21326 | Spider:4 | Reached XP level 16. HP: 34/134 MP: 26/26
 21338 | Spider:4 | Reached ****** piety under Yredelemnul
 21551 | Spider:4 | Received a gift from Yredelemnul (a bone dragon)
 21854 | Spider:4 | Got a gossamer rune of Zot
 22368 | Spider:3 | Received a gift from Yredelemnul (a vampire)
 22832 | Spider:3 | Received a gift from Yredelemnul (a ghoul)
 23539 | Lair:2   | Found a staircase to the Swamp.
 24484 | Lair:3   | Found a runed door.
 24487 | Lair:3   | Noticed Qiuf's ghost (journeyman TrWz)
 24994 | Lair:3   | Killed Qiuf's ghost
 25011 | Lair:3   | Received a gift from Yredelemnul (a ghoul)
 25174 | Lair:3   | Got an encrusted trident {pierce}
 25225 | Lair:3   | Identified the +0 trident of the Pure Stars {pierce, rN+
                  | MR+ Str+8 Dex-4} (You took it off a spriggan on level 3 of
                  | the Lair of Beasts)
 25482 | Lair:4   | Found a white marble altar of Elyvilon.
 25708 | Lair:4   | Received a gift from Yredelemnul (a profane servitor)
 26600 | Lair:5   | Identified the Handbook of Hexes and Aid
 27013 | Lair:6   | Entered Level 6 of the Lair of Beasts
 27047 | Lair:6   | Received a gift from Yredelemnul (a vampire)
 27205 | Lair:6   | Received a gift from Yredelemnul (a bone dragon)
 27625 | Lair:6   | Found a viscous altar of Jiyva.
 27625 | Lair:6   | Found a staircase to the Slime Pits.
 27878 | Lair:6   | Received a gift from Yredelemnul (a flayed ghost)
 28308 | Swamp:1  | Entered Level 1 of the Swamp
 28434 | Swamp:1  | Reached skill level 15 in Fighting
 28438 | Swamp:1  | Received a gift from Yredelemnul (a ghoul)
 29147 | Swamp:2  | Noticed Louise
 29147 | Swamp:2  | Noticed a thorn hunter
 29155 | Swamp:2  | Killed a thorn hunter
 29161 | Swamp:2  | Killed Louise
 29161 | Swamp:2  | Enslaved Louise
 29290 | Swamp:2  | Noticed a thorn hunter
 29296 | Swamp:2  | Killed a thorn hunter
 29296 | Swamp:2  | Reached XP level 17. HP: 156/156 MP: 27/27
 29346 | Swamp:2  | Received a gift from Yredelemnul (a bone dragon)
 29366 | Swamp:2  | Reached skill level 15 in Short Blades
 29805 | Swamp:3  | Got a pitted great sword
 29806 | Swamp:3  | Identified the +1 great sword of Nessimeo {vamp, Dex+4}
                  | (You found it on level 3 of the Swamp)
 30356 | Swamp:4  | Entered Level 4 of the Swamp
 30388 | Swamp:4  | Received a gift from Yredelemnul (a vampire)
 30411 | Swamp:4  | Received a gift from Yredelemnul (a phantasmal warrior)
 30887 | Swamp:4  | Received a gift from Yredelemnul (a vampire)
 30890 | Swamp:4  | Noticed a bone dragon
 30902 | Swamp:4  | Killed a bone dragon
 30936 | Swamp:4  | Got a decaying rune of Zot
 31280 | Swamp:4  | Found a runed door.
 31280 | Swamp:4  | Noticed Stepladder's ghost (adept HOAK)
 31316 | Swamp:4  | Killed Stepladder's ghost
 31635 | Lair:2   | Gained mutation: Your mind is acute. (Int +2) [potion of
                  | mutation]
 31635 | Lair:2   | Gained mutation: You can translocate small distances at
                  | will. [potion of mutation]
 31635 | Lair:2   | Gained mutation: You expend magic power (3 MP) to
                  | strengthen your wands. [potion of mutation]
 31642 | Lair:2   | Lost mutation: You expend magic power (3 MP) to strengthen
                  | your wands. [potion of mutation]
 31642 | Lair:2   | Lost mutation: Your mind is acute. (Int +2) [potion of
                  | mutation]
 31642 | Lair:2   | Lost mutation: You can translocate small distances at will.
                  | [potion of mutation]
 31642 | Lair:2   | Gained mutation: Your spells are a little harder to cast,
                  | but a little more powerful. [potion of mutation]
 31642 | Lair:2   | Gained mutation: Armour fits poorly on your strangely
                  | shaped body. [potion of mutation]
 31642 | Lair:2   | Gained mutation: You are somewhat resistant to further
                  | mutation. [potion of mutation]
 31642 | Lair:2   | Gained mutation: Your muscles are strong. (Str +2) [potion
                  | of mutation]
 31643 | Lair:2   | Lost mutation: Your muscles are strong. (Str +2) [potion of
                  | mutation]
 31643 | Lair:2   | Lost mutation: Armour fits poorly on your strangely shaped
                  | body. [potion of mutation]
 31773 | Slime:1  | Entered Level 1 of the Pits of Slime
 31785 | Slime:1  | Received a gift from Yredelemnul (a skeletal warrior)
 32174 | Slime:2  | Noticed an acid blob
 32180 | Slime:2  | Received a gift from Yredelemnul (a vampire knight)
 32186 | Slime:2  | Killed an acid blob
 32188 | Slime:2  | Noticed an acid blob
 32194 | Slime:2  | Killed an acid blob
 32214 | Slime:2  | Received a gift from Yredelemnul (a vampire)
 32301 | Slime:2  | Noticed an acid blob
 32308 | Slime:2  | Killed an acid blob
 32533 | Slime:2  | Noticed an acid blob
 32544 | Slime:2  | Killed an acid blob
 33175 | Slime:3  | Noticed an acid blob
 33180 | Slime:3  | Noticed an acid blob
 33185 | Slime:3  | Killed an acid blob
 33188 | Slime:3  | Killed an acid blob
 33269 | Slime:3  | Noticed an acid blob
 33275 | Slime:3  | Killed an acid blob
 33359 | Slime:3  | Noticed an acid blob
 33367 | Slime:3  | Killed an acid blob
 33500 | Slime:4  | Noticed an acid blob
 33507 | Slime:4  | Killed an acid blob
 33523 | Slime:4  | Noticed an acid blob
 33525 | Slime:4  | Received a gift from Yredelemnul (a vampire)
 33529 | Slime:4  | Killed an acid blob
 33848 | Slime:5  | Entered Level 5 of the Pits of Slime
 33860 | Slime:5  | Noticed an acid blob
 33867 | Slime:5  | Reached XP level 18. HP: 161/162 MP: 28/28
 33873 | Slime:5  | Received a gift from Yredelemnul (a vampire)
 33888 | Slime:5  | Noticed the Royal Jelly
 34558 | Slime:1  | Your ally Louise died
 34840 | Orc:2    | Noticed Snorg
 34843 | Orc:2    | Received a gift from Yredelemnul (a skeletal warrior)
 34848 | Orc:2    | Killed Snorg
 34851 | Orc:2    | Noticed Rupert
 34859 | Orc:2    | Paralysed by Rupert for 2 turns
 34863 | Orc:2    | Killed Rupert
 34863 | Orc:2    | Enslaved Rupert
 34969 | Orc:2    | Found a staircase to the Elven Halls.
 35189 | Orc:2    | Found a bloodstained altar of Trog.
 35292 | Orc:2    | Found Qyentis's Armour Emporium.
 35292 | Orc:2    | Found Hyarymm's Assorted Antiques.
 35298 | Orc:2    | Found Tioketof's Food Shop.
 35298 | Orc:2    | Found Dex Eschy's General Store.
 35304 | Orc:2    | Bought 3 scrolls labeled TITA ROTOMNUBB for 96 gold pieces
 35304 | Orc:2    | Bought a potion of curing for 96 gold pieces
 35319 | Orc:2    | Bought a +2 chain mail of magic resistance for 236 gold
                  | pieces
 35477 | Elf:1    | Entered Level 1 of the Elven Halls
 35637 | Elf:1    | Received a gift from Yredelemnul (a bone dragon)
 35774 | Elf:1    | Received a gift from Yredelemnul (a vampire)
 36748 | Elf:2    | Received a gift from Yredelemnul (a flayed ghost)
 36952 | Elf:2    | Identified the Collected Works on Freezing Self-Knowledge
 37347 | Elf:2    | Found a huge runed gate.
 37347 | Elf:2    | Found a huge runed gate.
 37347 | Elf:2    | Found a huge runed gate.
 37347 | Elf:2    | Found a huge runed gate.
 37349 | Elf:2    | Found a huge runed gate.
 37455 | Elf:2    | Received a gift from Yredelemnul (a flayed ghost)
 37734 | Elf:2    | Received a gift from Yredelemnul (a vampire)
 37846 | Elf:3    | Entered Level 3 of the Elven Halls
 37996 | Elf:3    | Found a flickering gateway to a bazaar.
 38010 | Bazaar   | Entered a bazaar
 38010 | Bazaar   | Found Godiukod's Antique Armour Boutique.
 38010 | Bazaar   | Found Massam's Weapon Shop.
 38010 | Bazaar   | Found Emmiex's Magic Scroll Boutique.
 38010 | Bazaar   | Found Yromanti's Jewellery Shop.
 38010 | Bazaar   | Found Sapyatt's Jewellery Boutique.
 38059 | Bazaar   | Bought a scroll of acquirement for 832 gold pieces
 38059 | Bazaar   | Bought a scroll of summoning for 152 gold pieces
 38059 | Bazaar   | Bought a scroll of identify for 32 gold pieces
 38059 | Bazaar   | Bought a scroll of summoning for 152 gold pieces
 38059 | Bazaar   | Bought a scroll of enchant weapon for 120 gold pieces
 38065 | Bazaar   | Bought the ring of Lypluodu {rC++ AC+3} for 637 gold pieces
 38271 | Elf:3    | Got a translucent flail
 38272 | Elf:3    | Identified the +10 flail "Ittuad" {speed, rN+ Stlth+} (You
                  | found it on level 3 of the Elven Halls)
 38725 | Elf:3    | Noticed a Tzitzimitl
 38770 | Elf:3    | Received a gift from Yredelemnul (a bone dragon)
 38915 | Elf:3    | Reached XP level 19. HP: 178/178 MP: 29/29
 39510 | Elf:3    | Got a faintly glowing short sword {venom}
 39512 | Elf:3    | Got a transparent bardiche {venom}
 39520 | Elf:3    | Got a smoking scimitar {flame}
 39586 | Elf:3    | Got a warped spear
 39715 | Elf:3    | Identified the +8 spear "Komnoudd" {pierce, rN+} (You found
                  | it on level 3 of the Elven Halls)
 39717 | Elf:3    | Identified the +9 short sword of Doom {venom, *Corrode rC+
                  | rN+ Int+6} (You took it off a deep elf sorcerer on level 3
                  | of the Elven Halls)
 39723 | Elf:3    | Identified the +5 bardiche "Zuef" {venom, rC- rN+ Str+2
                  | Dex+4} (You took it off a deep elf sorcerer on level 3 of
                  | the Elven Halls)
 39726 | Elf:3    | Identified the +6 scimitar "Nukual" {flame, SInv} (You took
                  | it off a deep elf mage on level 3 of the Elven Halls)
 40109 | Vaults:1 | Entered Level 1 of the Vaults
 40930 | Vaults:1 | Received a gift from Yredelemnul (a vampire)
 41132 | Vaults:1 | Reached skill level 15 in Invocations
 41358 | Vaults:2 | Received a gift from Yredelemnul (a ghoul)
 41504 | Vaults:2 | Found a portal to a secret trove of treasure.
 41693 | Vaults:2 | Noticed a Brimstone Fiend
 41932 | Vaults:2 | Received a gift from Yredelemnul (a vampire knight)
 42867 | Vaults:2 | Received a gift from Yredelemnul (a ghoul)
 42868 | Vaults:2 | Found Raogh's Book Shoppe.
 43729 | Vaults:3 | Received a gift from Yredelemnul (a vampire knight)
 43788 | Vaults:3 | Received a gift from Yredelemnul (a skeletal warrior)
 43925 | Vaults:3 | Reached XP level 20. HP: 185/186 MP: 31/31
 43986 | Vaults:3 | Received a gift from Yredelemnul (a flayed ghost)
 44025 | Vaults:3 | Found a staircase to the Crypt.
 44248 | Vaults:3 | Received a gift from Yredelemnul (a phantasmal warrior)
 44568 | Vaults:3 | Received a gift from Yredelemnul (a ghoul)
 44626 | Vaults:3 | Received a gift from Yredelemnul (a vampire)
 45685 | Vaults:4 | Got a dazzling scale mail
 45696 | Vaults:4 | Identified the +0 scale mail of the Armadillo {rPois Str+6}
                  | (You found it on level 4 of the Vaults)
 46477 | Vaults:4 | Received a gift from Yredelemnul (a ghoul)
 46591 | Vaults:4 | Received a gift from Yredelemnul (a flayed ghost)
 47066 | Vaults:5 | Entered Level 5 of the Vaults
 47066 | Vaults:5 | Noticed a golden dragon
 47081 | Vaults:5 | Killed a golden dragon
 47082 | Vaults:5 | Received a gift from Yredelemnul (a phantasmal warrior)
 47088 | Vaults:5 | Received a gift from Yredelemnul (a profane servitor)
 47101 | Vaults:5 | Reached skill level 10 in Evocations
 47250 | Vaults:4 | Reached XP level 21. HP: 152/196 MP: 33/33
 47416 | Vaults:5 | Received a gift from Yredelemnul (a profane servitor)
 47600 | Vaults:5 | Received a gift from Yredelemnul (a profane servitor)
 48755 | Vaults:5 | Got a silver rune of Zot
 48836 | Vaults:5 | Identified the Guide on Enchanting Stolen Souls
 48941 | Vaults:5 | Got an encrusted mace {holy}
 48975 | Vaults:5 | Identified the +9 mace of Kismet {holy, *Slow +Inv +Fly}
                  | (You took it off a deep elf elementalist on level 5 of the
                  | Vaults)
 49048 | Vaults:5 | Got a polished halberd {chop}
 49049 | Vaults:5 | Identified the cursed +1 halberd of the Lumpy Gods {chop,
                  | +Fly Dex+3} (You took it off a yaktaur on level 5 of the
                  | Vaults)
 49296 | Vaults:5 | Got a twisted trident {holy}
 49356 | Vaults:5 | Identified the +3 trident of the Briny Deep {holy, rC+ MR+}
                  | (You took it off an ironbrand convoker on level 5 of the
                  | Vaults)
 49997 | Vaults:5 | Got a clouded bronze ring
 50002 | Vaults:5 | Got a brightly glowing trident
 50265 | Vaults:5 | Got a polished chain mail
 50294 | Vaults:5 | Identified the +8 chain mail "Mery" {rF- rN+ MR+} (You
                  | found it on level 5 of the Vaults)
 50294 | Vaults:5 | Identified the +2 trident of Disgust {pierce, +Blink Str+4
                  | Dex+4} (You found it on level 5 of the Vaults)
 50337 | Vaults:5 | Identified the ring "Uqiylere" {Ice Slay+6} (You found it
                  | on level 5 of the Vaults)
 50649 | D:15     | Entered Level 15 of the Dungeon
 50725 | D:15     | Received a gift from Yredelemnul (a flayed ghost)
 50805 | D:15     | Found a staircase to the Depths.
 50976 | D:15     | Got a heavily runed scale mail
 50987 | D:15     | Identified the +1 scale mail "Hixiotta" {rPois} (You found
                  | it on level 15 of the Dungeon)
 51643 | Depths:1 | Entered Level 1 of the Depths
 51798 | Depths:1 | Found a gateway to Hell.
 51822 | Depths:1 | Reached skill level 14 in Armour
 51884 | Depths:1 | Found a runed door.
 52206 | Depths:1 | Found a one-way gate leading to the halls of Pandemonium.
 52325 | Depths:1 | Received a gift from Yredelemnul (a bone dragon)
 52438 | Depths:1 | Reached XP level 22. HP: 197/204 MP: 34/34
 52633 | Depths:2 | Reached skill level 15 in Armour
 52696 | Depths:2 | Received a gift from Yredelemnul (a ghoul)
 52841 | Depths:2 | Found a one-way gate to the infinite horrors of the Abyss.
 52848 | Depths:2 | Identified the +5 falchion of Cyminick {venom, Stlth+} (You
                  | found it on level 2 of the Depths)
 53057 | Depths:2 | Reached skill level 16 in Armour
 53588 | Depths:3 | Received a gift from Yredelemnul (a flayed ghost)
 53908 | Depths:3 | Reached skill level 17 in Armour
 54053 | Depths:3 | Noticed a juggernaut
 54062 | Depths:3 | Killed a juggernaut
 54072 | Depths:3 | Reached skill level 18 in Armour
 54083 | Depths:3 | Received a gift from Yredelemnul (a phantasmal warrior)
 54129 | Depths:3 | Identified the amulet of Makhleb's Approval {Harm *Drain
                  | rC- Str+4 SInv} (You took it off a spriggan defender on
                  | level 3 of the Depths)
 54153 | Depths:3 | Found the +8 longbow "Zephyr" {speed, Dex+3 SInv}
 54938 | Depths:4 | Found Opoymea's Distillery.
 54963 | Depths:4 | Bought a potion of curing for 42 gold pieces
 54963 | Depths:4 | Bought a potion of curing for 42 gold pieces
 54963 | Depths:4 | Bought a potion of curing for 42 gold pieces
 54963 | Depths:4 | Bought 3 potions of resistance for 420 gold pieces
 54978 | Depths:4 | Received a gift from Yredelemnul (a skeletal warrior)
 55151 | Depths:4 | Reached skill level 19 in Armour
 55169 | Depths:4 | Received a gift from Yredelemnul (a flayed ghost)
 55447 | Depths:4 | Found a gateway to a ziggurat.
 55778 | Depths:4 | Identified the +4 whip "Grim Tooth" {flame, rPois MR- Int+3
                  | Dex+4} (You found it on level 4 of the Depths)
 55924 | Depths:5 | Entered Level 5 of the Depths
 55928 | Depths:5 | Received a gift from Yredelemnul (a vampire)
 56231 | Depths:5 | Received a gift from Yredelemnul (a phantasmal warrior)
 56247 | Depths:5 | Reached skill level 20 in Armour
 56257 | Depths:5 | Reached XP level 23. HP: 200/211 MP: 25/35
 56286 | Depths:5 | Received a gift from Yredelemnul (a skeletal warrior)
 56379 | Depths:5 | Reached skill level 21 in Armour
 56423 | Depths:5 | Received a gift from Yredelemnul (a flayed ghost)
 56432 | Depths:5 | Found a gate to the Realm of Zot.
 56624 | Depths:5 | Received a gift from Yredelemnul (a vampire)
 57022 | Hell     | Entered the Vestibule of Hell
 57022 | Hell     | Noticed Geryon
 57279 | Depths:5 | Received a gift from Yredelemnul (a ghoul)
 57459 | Hell     | Received a gift from Yredelemnul (a phantasmal warrior)
 57821 | Hell     | Received a gift from Yredelemnul (a profane servitor)
 57831 | Hell     | Killed Geryon
 57845 | Hell     | Reached skill level 22 in Armour
 57901 | Hell     | Received a gift from Yredelemnul (a ghoul)
 57931 | Hell     | Found a gateway to the Iron City of Dis.
 58089 | Hell     | Found a gateway to the freezing wastes of Cocytus.
 58095 | Hell     | Received a gift from Yredelemnul (a flayed ghost)
 58206 | Hell     | Found a gateway to the decaying netherworld of Tartarus.
 58209 | Hell     | Noticed an ancient lich
 58230 | Hell     | Killed an ancient lich
 58381 | Hell     | Found a gateway to the ashen valley of Gehenna.
 58805 | Vaults:2 | Got a fine shield
 58816 | Vaults:2 | Identified the +2 shield of Heragid {Slay+2} (You acquired
                  | it on level 2 of the Vaults)
 58827 | Vaults:2 | Got a steaming crystal plate armour
 58833 | Vaults:2 | Identified the +1 crystal plate armour "Gitsat Naud" {rPois
                  | rC+ MR++ Int+4} (You acquired it on level 2 of the Vaults)
 58847 | Vaults:2 | Identified the +0 hat of the Wumpus {+Blink rCorr Int-2}
                  | (You acquired it on level 2 of the Vaults)
 58867 | Vaults:2 | Identified the +8 short sword of Tenacity {pierce, MR+}
                  | (You acquired it on level 2 of the Vaults)
 58911 | Vaults:2 | You paid a toll of the horn of Geryon to enter a treasure
                  | trove
 58912 | Trove    | Entered a treasure trove
 58926 | Trove    | Identified Wuab's Guide on Attacks
 58983 | Trove    | Identified Sif Muna's Grimoire of Freezing Dark Arts
 58988 | Trove    | Identified Sif Muna's Disquisition on Ignition and
                  | Conjuration
 59315 | Depths:2 | Voluntarily entered the Abyss.
 59374 | Abyss:1  | Reached skill level 1 in Dodging
 59382 | Abyss:1  | Identified the +6 scale mail of Kikubaaqudgha's Scorn
                  | {rElec Str+5 Dex-5} (You found it on level 1 of the Abyss)
 59624 | Abyss:1  | Reached skill level 5 in Dodging
 59627 | Abyss:1  | Paralysed by accursed screaming for 1 turns
 59629 | Abyss:1  | Received a gift from Yredelemnul (a vampire)
 59642 | Abyss:1  | Paralysed by accursed screaming for 1 turns
 59720 | Abyss:1  | Received a gift from Yredelemnul (a profane servitor)
 59887 | Abyss:1  | Received a gift from Yredelemnul (a profane servitor)
 60177 | Abyss:1  | Reached skill level 10 in Dodging
 60178 | Abyss:1  | Received a gift from Yredelemnul (a flayed ghost)
 60295 | Abyss:1  | Paralysed by accursed screaming for 1 turns
 60326 | Abyss:2  | Found a corrupted altar of Lugonu.
 60403 | Abyss:2  | Lost mutation: Your spells are a little harder to cast, but
                  | a little more powerful. [a neqoxec]
 60602 | Abyss:2  | Received a gift from Yredelemnul (a vampire knight)
 60870 | Abyss:3  | Reached XP level 24. HP: 218/218 MP: 35/35
 60874 | Abyss:3  | Received a gift from Yredelemnul (a vampire knight)
 60959 | Abyss:4  | Found a corrupted altar of Lugonu.
 61017 | Abyss:4  | Found a corrupted altar of Lugonu.
 61021 | Abyss:4  | Received a gift from Yredelemnul (a vampire knight)
 61165 | Abyss:5  | Entered Level 5 of the Abyss
 61201 | Abyss:5  | Received a gift from Yredelemnul (a ghoul)
 61257 | Abyss:5  | Received a gift from Yredelemnul (a flayed ghost)
 61453 | Abyss:5  | Reached skill level 15 in Dodging
 61494 | Abyss:5  | Received a gift from Yredelemnul (a skeletal warrior)
 61539 | Abyss:5  | Found a corrupted altar of Lugonu.
 61602 | Abyss:5  | Got an abyssal rune of Zot
 61615 | Depths:2 | Escaped the Abyss
 61749 | Depths:2 | Voluntarily entered the Abyss.
 61750 | Abyss:1  | Found a corrupted altar of Lugonu.
 61768 | Abyss:1  | Received a gift from Yredelemnul (a phantasmal warrior)
 61774 | Abyss:1  | Noticed a juggernaut
 61791 | Abyss:1  | Killed a juggernaut
 61819 | Abyss:1  | Noticed an ancient lich
 61823 | Depths:2 | Escaped the Abyss
 61837 | Depths:2 | Killed an ancient lich
 62036 | Coc:1    | Entered Level 1 of Cocytus
 62040 | Coc:1    | Received a gift from Yredelemnul (a skeletal warrior)
 62099 | Coc:3    | Noticed a shard shrike
 62099 | Coc:3    | Noticed a shard shrike
 62099 | Coc:3    | Noticed a shard shrike
 62107 | Coc:3    | Killed a shard shrike
 62107 | Coc:3    | Reached skill level 1 in Crossbows
 62109 | Coc:3    | Killed a shard shrike
 62109 | Coc:3    | Killed a shard shrike
 62137 | Coc:3    | Received a gift from Yredelemnul (a skeletal warrior)
 62144 | Coc:3    | Noticed a shard shrike
 62148 | Coc:3    | Killed a shard shrike
 62212 | Coc:4    | Noticed a shard shrike
 62252 | Coc:6    | Noticed a shard shrike
 62253 | Coc:6    | Noticed a shard shrike
 62255 | Coc:6    | Noticed a shard shrike
 62256 | Coc:6    | Noticed a shard shrike
 62257 | Coc:6    | Killed a shard shrike
 62259 | Coc:6    | Killed a shard shrike
 62266 | Coc:6    | Killed a shard shrike
 62268 | Coc:6    | Killed a shard shrike
 62271 | Coc:6    | Received a gift from Yredelemnul (a flayed ghost)
 62372 | Coc:6    | Received a gift from Yredelemnul (a phantasmal warrior)
 62385 | Coc:6    | Reached skill level 5 in Crossbows
 62395 | Coc:7    | Entered Level 7 of Cocytus
 62511 | Coc:7    | Received a gift from Yredelemnul (a skeletal warrior)
 62686 | Coc:7    | Received a gift from Yredelemnul (a vampire)
 62716 | Coc:7    | Noticed a shard shrike
 62722 | Coc:7    | Killed a shard shrike
 62722 | Coc:7    | Reached XP level 25. HP: 183/223 MP: 35/35
 62817 | Coc:7    | Received a gift from Yredelemnul (a skeletal warrior)
 63531 | Zot:1    | Entered Level 1 of the Realm of Zot
 63546 | Zot:1    | Reached skill level 10 in Crossbows
 63562 | Zot:1    | Received a gift from Yredelemnul (a skeletal warrior)
 64221 | Temple   | Fell from the grace of Yredelemnul
 64221 | Temple   | Became a worshipper of the Shining One
 64541 | Depths:2 | Voluntarily entered the Abyss.
 64542 | Abyss:1  | Noticed an ancient lich
 64551 | Abyss:1  | Killed an ancient lich
 64682 | Abyss:2  | Found a corrupted altar of Lugonu.
 64954 | Abyss:2  | Reached * piety under the Shining One
 65091 | Abyss:2  | Reached ** piety under the Shining One
 65358 | Abyss:3  | Reached *** piety under the Shining One
 65511 | Abyss:3  | Reached **** piety under the Shining One
 65663 | Abyss:4  | Found a corrupted altar of Lugonu.
 65820 | Abyss:5  | Entered Level 5 of the Abyss
 65905 | Abyss:5  | Reached skill level 15 in Crossbows
 66007 | Abyss:5  | Reached ***** piety under the Shining One
 66238 | Depths:2 | Escaped the Abyss
 66582 | Coc:5    | Killed a shard shrike
 66621 | Coc:6    | Reached ****** piety under the Shining One
 66973 | Coc:7    | Reached XP level 26. HP: 231/231 MP: 36/36
 67094 | Coc:7    | Noticed Antaeus
 67140 | Coc:7    | Killed from afar by Antaeus

Skill      XL: |  1  2  3  4  5  6  7  8  9 10 11 12 13 14 15 16 17 18 19 20 21 22 23 24 25 |
---------------+----------------------------------------------------------------------------+-----
Fighting       | 4 5 6 7 8 9 10 15 17 18 19 | 19.2
Long Blades    | 3 4 5 7 8 9 |  9.1
Armour         | 5 7 9 11 12 13 14 20 22 | 22.6
Shields        | 5 7 9 11 12 13 16 | 16.5
Short Blades   | 3 5 7 9 11 14 19 21 | 21.5
Invocations    | 2 5 7 9 13 14 17 19 20 | 20.5
Evocations     | 6 10 14 | 14.1
Dodging        | 12 16 | 16.2
Crossbows      | 8 16 | 16.1

Action                   |  1- 3 |  4- 6 |  7- 9 | 10-12 | 13-15 | 16-18 | 19-21 | 22-24 | 25-27 || total
-------------------------+-------+-------+-------+-------+-------+-------+-------+-------+-------++-------
Melee: Long sword        |    75 |   135 |   148 |       |       |       |       |       |       ||   358
       Headbutt          |    11 |    21 |    63 |   150 |   247 |   320 |   379 |   727 |   342 ||  2260
       Rapier            |       |       |   139 |   622 |   801 |   935 |   988 |   857 |     3 ||  4345
       Short sword       |       |       |       |       |       |       |       |   994 |   855 ||  1849
 Fire: Hand crossbow     |       |       |       |       |       |       |       |     4 |    60 ||    64
Throw: Stone             |       |       |     2 |     4 |       |       |       |       |       ||     6
       Tomahawk          |       |       |       |    30 |    22 |    10 |     9 |       |       ||    71
       Javelin           |       |       |       |     5 |       |       |       |       |       ||     5
       Throwing net      |       |       |       |     1 |       |       |     1 |       |       ||     2
Invok: Animate Remains   |       |       |       |    12 |       |       |       |       |       ||    12
       Animate Dead      |       |       |       |    27 |    34 |    12 |     8 |     8 |       ||    89
       Injury Mirror     |       |       |       |     3 |       |       |       |       |       ||     3
       Drain Life        |       |       |       |     1 |     1 |     8 |    20 |    19 |     1 ||    50
       Enslave Soul      |       |       |       |       |     8 |     5 |     5 |     2 |       ||    20
       Recall Undead Sla |       |       |       |       |       |    10 |    29 |    19 |     3 ||    61
       Cleansing Flame   |       |       |       |       |       |       |       |       |    12 ||    12
       Summon Divine War |       |       |       |       |       |       |       |       |     7 ||     7
       Divine Shield     |       |       |       |       |       |       |       |       |     1 ||     1
 Abil: Blink             |       |       |       |       |       |     1 |       |       |       ||     1
       Stop Flying       |       |       |       |       |       |       |     1 |       |       ||     1
       Evoke Flight      |       |       |       |       |       |       |       |     1 |       ||     1
       Evoke Blink       |       |       |       |       |       |       |       |     1 |       ||     1
Evoke: Box of beasts     |       |       |     1 |     2 |     1 |       |       |       |       ||     4
       Staff of Olgreb   |       |       |       |     3 |       |       |       |       |       ||     3
       Lamp of fire      |       |       |       |     2 |       |       |     1 |     1 |       ||     4
       Wand              |       |       |       |       |       |     2 |       |     4 |       ||     6
       Lightning rod     |       |       |       |       |       |       |       |     5 |       ||     5
  Use: Scroll            |       |     6 |     7 |    12 |     6 |    12 |    16 |    23 |     3 ||    85
       Potion            |       |     4 |     1 |     4 |    10 |     7 |     6 |    13 |     4 ||    49
 Stab: Sleeping          |       |       |       |     2 |     4 |     8 |       |       |       ||    14
       Distracted        |       |       |       |     2 |     9 |    15 |    25 |    32 |     3 ||    86
       Confused          |       |       |       |       |     1 |       |     1 |       |       ||     2
       Petrified         |       |       |       |       |     1 |       |       |       |       ||     1
       Paralysed         |       |       |       |       |       |       |     1 |       |       ||     1
  Eat: Chunk             |       |     8 |     3 |    24 |    21 |    33 |    16 |    16 |     6 ||   127
       Ration            |       |     1 |     1 |     2 |     7 |    11 |    11 |     9 |     3 ||    45
Armor: Scale mail        |    28 |    39 |       |       |       |       |       |       |       ||    67
       Skin              |       |    29 |     4 |       |       |       |     8 |       |       ||    41
       Chain mail        |       |     7 |    18 |       |       |    41 |       |       |       ||    66
       Ring mail         |       |       |   106 |   188 |   234 |   196 |       |       |       ||   724
       Plate armour      |       |       |       |       |       |       |   246 |   453 |       ||   699
       Crystal plate arm |       |       |       |       |       |       |       |   298 |   274 ||   572
Dodge: Dodged            |    29 |    47 |    56 |   176 |   188 |   183 |   121 |   365 |   291 ||  1456
Block: Shield            |    50 |    68 |   142 |   367 |   411 |   432 |   170 |   500 |   458 ||  2598
       Large shield      |       |       |       |       |       |       |   488 |   846 |       ||  1334
       Rpst.: Long sword |     6 |    15 |     4 |       |       |       |       |       |       ||    25
